 Dungeon Crawl Stone Soup version 0.29-a0-97-g88c9fad16d (webtiles) character file.

Game seed: 6853459968721646813

137 drugrobin the Poker (level 4, -2/36 HPs)
             Began as a Demigod Warper on Feb 13, 2022.
             Slain by an ogre (23 damage)
             ... on level 3 of the Dungeon.
             The game lasted 00:08:19 (4317 turns).

drugrobin the Poker (Demigod Warper)                Turns: 4317, Time: 00:08:19

Health: -2/36      AC:  6    Str: 16    XL:     4   Next: 69%
Magic:  9/9        EV:  9    Int: 15    God:
Gold:   197        SH:  0    Dex: 13    Spells: 1/6 levels left

rFire   . . .      SeeInvis .   x - +0 halberd
rCold   . . .      Faith    .   (shield currently unavailable)
rNeg    . . .      Spirit   .   j - +0 scale mail
rPois   .          Reflect  .   (no helmet)
rElec   .          Harm     .   (no cloak)
rCorr   .          Rampage  .   (no gloves)
Will    .....                   (no boots)
Stlth   ..........              (no amulet)
HPRegen 0.12/turn               A - +4 ring of slaying
MPRegen 0.11/turn               p - ring of wizardry

@: no status effects
A: high MP 1, forlorn, divine attributes
a: no special abilities


You were on level 3 of the Dungeon.
You visited 1 branch of the dungeon, and saw 3 of its levels.

You collected 197 gold pieces.

Inventory:

Hand Weapons
 a - a +0 spear
 x - a +0 halberd (weapon)
Missiles
 d - 5 boomerangs of dispersal
 g - 57 arrows
 w - 195 stones (quivered)
 y - a poisoned dart
Armour
 b - a +0 leather armour
 h - a +0 ring mail
 j - a +0 scale mail (worn)
Magical Staves
 t - a staff of cold
Jewellery
 n - a ring of magical power
 p - a ring of wizardry (right hand)
 A - a +4 ring of slaying (left hand)
Scrolls
 c - 3 scrolls of blinking
 e - a scroll of holy word {unknown}
 f - a scroll of enchant weapon {unknown}
 k - 2 scrolls of silence {unknown}
 m - 3 scrolls of teleportation {unknown}
 o - a scroll of vulnerability {unknown}
 q - 4 scrolls of identify {unknown}
 r - a scroll of fog {unknown}
Potions
 i - a potion of brilliance {unknown}
 l - 2 potions of heal wounds {unknown}
 s - 2 potions of curing {unknown}
 u - a potion of degeneration {unknown}
 v - a potion of resistance {unknown}
 z - a potion of might {unknown}


   Skills:
 - Level 1.7 Fighting
 + Level 4.7 Polearms
 - Level 0.8 Throwing
 - Level 0.8 Armour
 - Level 1.7 Dodging
 - Level 1.7 Spellcasting
 - Level 2.6 Translocations


You had one spell level left.
You knew the following spells:

 Your Spells              Type           Power      Damage    Failure   Level
a - Blink                 Tloc           18%        N/A       17%         2
b - Teleport Other        Tloc           9%         N/A       32%         3

Your spell library contained the following spells:

 Spells                   Type           Power      Damage    Failure   Level
 Gell's Gravitas          Tloc           9%         N/A       32%         3
 Lesser Beckoning         Tloc           9%         N/A       32%         3
 Tukima's Dance           Hex            1%         N/A       67%         3
 Manifold Assault         Tloc           9%         N/A       95%         5
 Anguish                  Hex/Necr       0%         N/A       96%         4
 Enfeeble                 Hex            0%         N/A       100%        7


Dungeon Overview and Level Annotations

Branches:
Dungeon (3/15)

Annotations:
D:2 Sigmund


Innate Abilities, Weirdness & Mutations

You have an increased reservoir of magic. (+10% MP)
You shall have no god before yourself.
Your divine heritage dramatically boosts your attributes as you level up.


Message History

You see here a +0 animal skin.
Search for what [Enter for "staff", or ? for help]? sling Can't find anything matching that.
Items here: [[[[ ††.
You're wearing all the rings you can.
Remove which one? (? for menu, Esc to cancel) < or
n - a ring of magical power; > or
p - a ring of wizardry You remove your ring of magical power.
You feel your magic capacity decrease.
A - a +4 ring of slaying (left hand) Unknown command.
Unknown command.
A kobold comes into view.
The kobold shouts!
The kobold throws a stone.
The stone hits you but does no damage.
Reach: x) +0 halberd
Press: ? - help, Dir - move target, f - kobold
Aim: a kobold, wearing a +0 animal skin and quivering stones (about 50% to evade your +0 halberd)
You reach to attack!
You slash the kobold!
You kill the kobold!
Unknown command.
w - 176 stones (gained 22)
w - 190 stones (gained 14)
You enter the shallow water.
Moving in this stuff is going to be slow.
w - 195 stones (gained 5)
Things that are here:
a +0 animal skin; a kobold corpse You enter the shallow water.
Moving in this stuff is going to be slow.
Items here: [[[[ ††.
You see here a +0 animal skin.
g - 57 arrows (gained 17)
The ogre shouts!
Search for what [Enter for "sling", or ? for help]? sling Can't find anything matching that.
Unknown command.
The ogre hits you with a +0 giant club!
The ogre hits you with a +0 giant club!!
Ouch! That really hurt!
You die...

##...........#### #.#
##.######.####...####.# ##.#
#...# .. ..##.# ##.# #.###. ##
...#.# ...# #.##... #$##..#.##
...# ####...##....##..#########
##.# #...######......>....# #.#
..##...........####....# #.#
..###..@.....## #.#### #.#
)##...####O...## #.# ##.#
#........##### #.# ...#
#...####....## #.# ##.#
..###........# ###.##### #.#
.##...)))....# #.......# ##.#
##...######..###.#.###.# ...##
#...##....##..##....##.#
#...######..†##.##..#...#.###.#.#


You could see an ogre.

Vanquished Creatures
  3 gnolls (D:3)
  3 adders
  3 worms
  3 dart slugs (D:1)
  4 orcs (D:3)
  6 endoplasms
  A giant cockroach (D:2)
  6 goblins
  6 hobgoblins
  4 kobolds
  5 quokkas
  6 ball pythons
  3 bats
  2 frilled lizards
  9 rats
64 creatures vanquished.

Notes
Turn   | Place    | Note
-------+----------+-------------------------------------------
     0 | D:1      | drugrobin the Demigod Warper began the quest for the Orb.
     0 | D:1      | Reached XP level 1. HP: 17/17 MP: 5/5
   120 | D:1      | Reached skill level 2 in Polearms
   594 | D:1      | Reached XP level 2. HP: 24/24 MP: 7/7
   598 | D:1      | Learned a level 2 spell: Blink
   907 | D:1      | Reached skill level 3 in Polearms
  1547 | D:2      | Reached XP level 3. HP: 29/29 MP: 8/8
  1554 | D:2      | Learned a level 3 spell: Teleport Other
  2476 | D:2      | Noticed Sigmund
  2653 | D:3      | Reached skill level 4 in Polearms
  2913 | D:2      | Reached XP level 4. HP: 25/36 MP: 9/9
  3337 | D:3      | Noticed an ogre
  4317 | D:3      | Slain by an ogre

Illustrated notes

Levels and vault maps discovered:
D:1:      dpeg_chamrin_arrival_tetris, layout_rooms, serial_glass,
          glass_columns_a, glass_columns_b, glass_columns_c, glass_columns_b,
          glass_columns_b, glass_columns_b, glass_columns_c, glass_columns_a,
          glass_columns_c, glass_columns_a
D:2:      layout_loops_cross, minmay_cut_off, uniq_sigmund
D:3:      layout_loops_ring, trog_hazing_becter, minmay_puff

Skill      XL: |  1  2  3 |
---------------+----------+-----
Polearms       | 2 3 4 |  4.7
Fighting       | |  1.7
Throwing       | |  0.8
Armour         | |  0.8
Dodging        | |  1.7
Spellcasting   | |  1.7
Translocations | |  2.6

Action                   |  1- 3 |  4- 6 || total
-------------------------+-------+-------++-------
Melee: Spear             |   199 |    31 ||   230
       Halberd           |       |    40 ||    40
Throw: Stone             |     8 |     9 ||    17
       Dart              |     2 |       ||     2
 Cast: Blink             |     3 |       ||     3
       Teleport Other    |     1 |       ||     1
Armor: Leather armour    |     5 |       ||     5
       Scale mail        |    49 |    14 ||    63
       Ring mail         |     2 |       ||     2
Dodge: Dodged            |    75 |    26 ||   101

Table legend: (Time is in decaauts)
 A = Elapsed time spent in this place.
 B = Non-inter-level travel time spent in this place.
 C = Inter-level travel time spent in this place.
 D = Time resting spent in this place.
 E = Time spent auto-exploring this place.
 F = Levels seen in this place.
 G = Mean time per level.
                   A        B        C        D        E       F      G
               +--------+--------+--------+--------+--------+-----+--------+
         Total |   4314 |   4257 |     57 |   1045 |   2279 |   3 | 1438.0 |
       Dungeon |   4314 |   4257 |     57 |   1045 |   2279 |   3 | 1438.0 |
               +--------+--------+--------+--------+--------+-----+--------+

Top non-repeatable levels by time:
     D:3: 1558 daAuts
     D:2: 1460 daAuts
     D:1: 1295 daAuts
